 Dungeon Crawl Stone Soup version 0.17-b1-20-g63edfd6 (webtiles) character file.

518 Goblin1989 the Cudgeler (level 7, -2/52 HPs)
             Began as a Human Fighter on Nov 4, 2015.
             Slain by an iguana (6 damage)
             ... on level 4 of the Dungeon.
             The game lasted 00:14:53 (3375 turns).

Goblin1989 the Cudgeler (Human Fighter)             Turns: 3375, Time: 00:14:53

Health: -2/52      AC:  9    Str: 19    XL:     7   Next: 45%
Magic:  7/7        EV:  5    Int:  8    God:
Gold:   114        SH:  9    Dex: 12    Spells: 0 memorised, 6 levels left

rFire  . . .     SeeInvis .     a - +0 flail
rCold  . . .     Clarity  .     l - +0 chain mail
rNeg   . . .     SustAt   .     c - +0 shield
rPois  .         Gourm    .     (no helmet)
rElec  .         Spirit   .     (no cloak)
rCorr  .         Warding  .     (no gloves)
rMut   .         Stasis   .     (no boots)
MR     .....                    (no amulet)
Stlth  ..........               (no ring)
                                (no ring)

@: not resistant to hostile enchantments, extremely unstealthy
A: no striking features
a: no special abilities


You were on level 4 of the Dungeon.
You were not hungry.

You visited 1 branch of the dungeon, and saw 4 of its levels.

You collected 114 gold pieces.

Inventory:

Hand Weapons
 a - a +0 flail (weapon)
Armour
 c - a +0 shield (worn)
 l - a +0 chain mail (worn)
Jewellery
 b - a +3 ring of protection {unknown}
 j - an uncursed ring of flight {unknown}
 p - an uncursed ring of ice {unknown}
Wands
 o - a wand of paralysis (9)
Scrolls
 e - a scroll of fear {unknown}
 f - a scroll of remove curse
Potions
 d - a potion of might
 g - a potion of lignification {unknown}
 h - 2 potions of curing {unknown}
 i - a potion of cancellation {unknown}
 k - a potion of cure mutation {unknown}
 m - a potion of mutation {unknown}
Comestibles
 n - 2 beef jerkies


   Skills:
 - Level 3.0 Fighting
 + Level 7.7 Maces & Flails
 - Level 3.0 Armour
 - Level 3.0 Shields


You had 6 spell levels left.
You didn't know any spells.

Dungeon Overview and Level Annotations

Branches:
Dungeon (4/15)
 Temple: D:4-7

Altars:


Message History

* * * LOW HITPOINT WARNING * * *
You feel sick.
You start resting.
You feel sick.
You start resting.
You feel sick. x13
You are no longer poisoned.
You start resting.
An orc comes into view. It is wielding a dagger.
An orc is nearby!
An orc is nearby!
You see here a scorpion corpse.
An iguana and an orc come into view.
The orc shouts!
The iguana moves out of view.
An adder and an orc come into view.
An orc comes into view. It is wielding a dagger.
The orc shouts! x2
You block the iguana's attack. The iguana bites you.
You die...

#..........†.........#....
###....................#....
.................[....[#....
......#$...............#....
......#.........########...)
................# #....
.......†######### #....
##......################....
...........@................
........o..l................
.#...S..####.......#####....
#......# ....... #....
#....... ####### ####.
#.....S. #. #..o.... ##
##.o...


You could see an iguana, an adder and an orc.

Vanquished Creatures
  A water moccasin (D:3)
  The ghost of Xoff the Magician, an amateur DsWz of Nemelex Xobeh (D:3)
  A scorpion (D:4)
  An orc priest (D:3)
  A jelly (D:4)
  2 orc wizards (D:3)
  A worker ant (D:4)
  4 adders
  3 gnolls
  2 oozes
  An adder skeleton (D:4)
  3 worms
  7 orcs
  9 bats
  2 giant cockroaches
  8 goblins
  10 hobgoblins
  8 kobolds
  2 ball pythons (D:3)
  3 giant geckos
  2 giant newts
  8 rats
80 creatures vanquished.

Notes
Turn   | Place    | Note
--------------------------------------------------------------
     0 | D:1      | Goblin1989 the Human Fighter began the quest for the Orb.
     0 | D:1      | Reached XP level 1. HP: 18/18 MP: 1/1
   200 | D:1      | Reached XP level 2. HP: 24/24 MP: 2/2
   393 | D:1      | Reached XP level 3. HP: 27/29 MP: 3/3
  1350 | D:1      | Reached skill level 4 in Maces & Flails
  1350 | D:1      | Reached XP level 4. HP: 24/35 MP: 4/4
  2118 | D:3      | Noticed Xoff's ghost (amateur DsWz)
  2122 | D:3      | Reached XP level 5. HP: 38/41 MP: 5/5
  2345 | D:3      | Killed Xoff's ghost
  2345 | D:3      | Reached skill level 5 in Maces & Flails
  2417 | D:3      | Reached XP level 6. HP: 33/47 MP: 6/6
  2460 | D:3      | Reached skill level 6 in Maces & Flails
  2716 | D:3      | Noticed a water moccasin
  2729 | D:3      | Killed a water moccasin
  2729 | D:3      | Reached skill level 7 in Maces & Flails
  2729 | D:3      | Reached XP level 7. HP: 28/52 MP: 7/7
  3360 | D:4      | HP: 2/52 [poisoned by a scorpion]
  3375 | D:4      | Slain by an iguana

Action                   |  1- 3 |  4- 6 |  7- 9 || total
-------------------------+-------+-------+-------++-------
Melee: Flail             |    29 |   143 |    57 ||   229
       Whip              |   142 |    47 |       ||   189
  Use: Scroll            |     2 |     1 |       ||     3
       Potion            |       |     2 |       ||     2
  Eat: Chunk             |     1 |     5 |       ||     6
       Bread ration      |       |       |     1 ||     1
